 Dungeon Crawl Stone Soup version 0.30-a0-883-g5ad918d77d (webtiles) character file.

Game seed: 6267208780662646484

347 holysushi the Slasher (level 6, -8/42 HPs)
             Began as an Octopode Monk on Mar 17, 2023.
             Killed from afar by an orc wizard (13 damage)
             ... with a puff of flame
             ... on level 4 of the Dungeon.
             The game lasted 00:02:43 (2132 turns).

holysushi the Slasher (Octopode Monk)               Turns: 2132, Time: 00:02:44

Health: -8/42      AC:  1    Str: 11    XL:     6   Next: 59%
Magic:  0/10       EV: 13    Int: 12    God:
Gold:   109        SH:  8    Dex: 16    Spells: 10/10 levels left

rFire   . . .      SeeInvis .    a - +1 falchion
rCold   . . .      Faith    .    i - +0 kite shield
rNeg    . . .      Spirit   +    (helmet restricted)
rPois   .          Reflect  .    f - amulet of guardian spirit
rElec   .          Rampage  .    (no ring)
rCorr   .                        (no ring)
Will    .....                    (no ring)
Stlth   +++                      (no ring)
HPRegen 0.27/turn                (no ring)
MPRegen 0.12/turn                (no ring)
                                 (no ring)
                                 (no ring)

@: no status effects
A: almost no armour, amphibious, 8 rings, camouflage 1, gelatinous body 1,
(nimble swimmer 1), tentacles
a: no special abilities


You were on level 4 of the Dungeon.
You visited 1 branch of the dungeon, and saw 4 of its levels.

You collected 109 gold pieces.

Inventory:

Hand Weapons
 a - a +1 falchion (weapon)
Armour
 i - a +0 kite shield (worn)
Jewellery
 f - an amulet of guardian spirit (around mantle)
 k - a ring of fire
Scrolls
 h - 3 scrolls of amnesia
Potions
 e - 2 potions of mutation
 g - 2 potions of curing
 j - a potion of flight


   Skills:
 - Level 3.0 Fighting
 + Level 5.2 Long Blades
 + Level 3.9 Dodging
 - Level 2.6 Stealth
 + Level 2.2 Shields
 + Level 2.7 Spellcasting


You had 10 spell levels left.
You didn't know any spells.
Your spell library contained the following spells:

 Spells                   Type           Power      Damage    Failure   Level
 Apportation              Tloc           2%         N/A       63%         1
 Necrotise                Necr           4%         1d4       63%         1
 Summon Small Mammal      Summ           4%         N/A       63%         1
 Animate Dead             Necr           1%         N/A       100%        4
 Haunt                    Necr/Summ      0%         N/A       100%        7
 Infestation              Necr           0%         N/A       100%        8


Dungeon Overview and Level Annotations

Branches:
Dungeon (4/15) Zot: 21833
 Temple: D:4-7

Altars:


Innate Abilities, Weirdness & Mutations

You cannot wear most types of armour.
You are amphibious.
You can wear up to eight rings at the same time.
Your skin changes colour to match your surroundings (Stealth+).
Your rubbery body absorbs attacks. (AC +1, EV +1)
((You are camouflaged when in or above water. (Stealth+)))
You have tentacles for arms and can constrict up to eight enemies at once.


Message History

You block something's attack.
You hit the orc but do no damage. Your grab misses the orc.
Your squeeze misses the orc.
The orc is heavily wounded.
You block the orc's attack. Something hits you.
You closely miss the orc. Your grab misses the orc.
The orc is heavily wounded.
The orc completely misses you. You block something's attack.
You hit the orc.
You kill the orc!
The kobold throws a poisoned dart.
You block the poisoned dart. Something hits you. You block the kobold's attack.
Something hits you.
Items here: ))) [[.
The kobold throws a poisoned dart.
The poisoned dart hits you!
You are poisoned.
The orc priest calls down the wrath of Beogh upon you.
Beogh smites you!
* * * LOW HITPOINT WARNING * * *
Something hits you.
* * * LOW HITPOINT WARNING * * *
You feel sick. Something hits you.
* * * LOW HITPOINT WARNING * * *
The kobold throws a poisoned dart.
You block the poisoned dart.
You feel sick. Something hits you.
* * * LOW HITPOINT WARNING * * *
x2 You feel sick.
You feel better. Something barely misses you. Something hits you.
* * * LOW HITPOINT WARNING * * *
The kobold throws a poisoned dart.
The poisoned dart barely misses you.
The orc priest invokes the aid of Beogh against you.
Beogh smites you!
* * * LOW HITPOINT WARNING * * *
The kobold throws a poisoned dart.
You block the poisoned dart.
You hear some strange, mumbled words.
A puff of flame appears from out of thin air!
The puff of flame hits you!
You die...

ogg#≈≈....# goo#≈~....#
####≈~....# ≈≈≈≈~≈....#
## #### ###
≈~≈)≈~....#.. ...# ....
..†)P.....#. #..#.....
.$.)..##....####..#..###
#..##.....#............#
#..#####....#.##@.#
...#####.#####.#..#


.oKo..ooo# #.{..# .#######o## ##.#### †# ##.###K## .# ##)oo## .. ##.## .# #.# g.
#.# You could see an orc and a kobold.

Vanquished Creatures
  A howler monkey (D:4)
  2 hounds (D:4)
  An orc priest (D:3)
  An orc wizard (D:4)
  Jessica (D:2)
  6 gnolls
  2 adders
  3 dart slugs (D:1)
  9 orcs
  6 endoplasms
  3 giant cockroaches (D:1)
  9 goblins
  6 hobgoblins
  9 jackals (D:4)
  4 quokkas
  2 ball pythons (D:3)
  A bat (D:1)
  4 frilled lizards
  5 kobolds
  3 rats (D:1)
78 creatures vanquished.

Vanquished Creatures (others)
  A fungus (D:4)
  A plant (D:1)
2 creatures vanquished.

Grand Total: 80 creatures vanquished

Notes
Turn   | Place    | Note
-------+----------+-------------------------------------------
     0 | D:1      | holysushi the Octopode Monk began the quest for the Orb.
     0 | D:1      | Reached XP level 1. HP: 16/16 MP: 1/1
   109 | D:1      | Reached XP level 2. HP: 12/21 MP: 2/2
   164 | D:1      | Found a faded altar of an unknown god.
   287 | D:1      | Reached skill level 4 in Long Blades
   311 | D:1      | Reached XP level 3. HP: 26/26 MP: 3/3
   617 | D:2      | Reached skill level 1 in Spellcasting
   651 | D:2      | Noticed Jessica
   659 | D:2      | Killed Jessica
   660 | D:2      | Reached XP level 4. HP: 31/31 MP: 4/6
  1150 | D:3      | Reached XP level 5. HP: 36/36 MP: 7/7
  1192 | D:3      | Reached skill level 1 in Shields
  1906 | D:4      | Reached skill level 5 in Long Blades
  1906 | D:4      | Reached XP level 6. HP: 18/42 MP: 3/9
  2132 | D:4      | Killed from afar by an orc wizard

Illustrated notes

Levels and vault maps discovered:
D:1:      spicycebolla_green_bress_n_ham, layout_basic,
          dreamdust_ecumenical_altar_grove
D:2:      layout_rooms, minmay_tromino_v4_c, uniq_jessica
D:3:      layout_basic, nicolae_figureground_pulse
D:4:      lemuel_castle_with_subvaults [lemuel_castle_interior_carwin_1],
          layout_loops_cross

Skill      XL: |  1  2  3  4  5  6 |
---------------+-------------------+-----
Long Blades    | 4 5 |  5.2
Spellcasting   | 1 2 |  2.7
Shields        | 1 2 |  2.2
Fighting       | |  3.0
Dodging        | |  3.9
Stealth        | |  2.6

Action                     |  1- 3 |  4- 6 || total
---------------------------+-------+-------++-------
  Melee: Falchion          |    53 |   106 ||   159
         Constrict         |    16 |    31 ||    47
         Tentacles         |    11 |    21 ||    32
         Punch             |     1 |     3 ||     4
    Use: Potion            |     1 |     1 ||     2
         Scroll            |       |     8 ||     8
   Stab: Sleeping          |     7 |     5 ||    12
 Armour: Skin              |     2 |     7 ||     9
  Dodge: Dodged            |    33 |    77 ||   110
  Block: Kite shield       |       |    52 ||    52

Table legend: (Time is in decaauts)
 A = Elapsed time spent in this place.
 B = Non-inter-level travel time spent in this place.
 C = Inter-level travel time spent in this place.
 D = Time resting spent in this place.
 E = Time spent auto-exploring this place.
 F = Levels seen in this place.
 G = Mean time per level.
                   A        B        C        D        E       F      G
               +--------+--------+--------+--------+--------+-----+--------+
         Total |   2165 |   2104 |     61 |    134 |   1388 |   4 |  541.2 |
       Dungeon |   2165 |   2104 |     61 |    134 |   1388 |   4 |  541.2 |
               +--------+--------+--------+--------+--------+-----+--------+

Top non-repeatable levels by time:
     D:3: 835 daAuts
     D:1: 548 daAuts
     D:2: 448 daAuts
     D:4: 333 daAuts
